 Dungeon Crawl Stone Soup version 0.18.1-8-gdd0e5ea (webtiles) character file.

98 Metae the Sneak (level 4, 0/23 HPs)
             Began as a Vine Stalker Assassin on June 10, 2016.
             Slain by a worm (7 damage)
             ... on level 3 of the Dungeon.
             The game lasted 00:18:15 (2579 turns).

Metae the Sneak (Vine Stalker Assassin)             Turns: 2579, Time: 00:18:17

Health: 0/23       AC:  3    Str: 14    XL:     4   Next: 69%
Magic:  0/5        EV: 12    Int: 11    God:
Gold:   135        SH:  0    Dex: 16    Spells: 0 memorised, 3 levels left

rFire  . . .     SeeInvis .     a - +2 dagger
rCold  . . .     Gourm    .     c - +0 robe
rNeg   . . .     Faith    .     (no shield)
rPois  +         Spirit   +     (no helmet)
rElec  .         Dismiss  .     d - +0 cloak
rCorr  .         Reflect  .     (no gloves)
SustAt .         Harm     .     (no boots)
MR     .....                    (no amulet)
Stlth  +++.......               (no ring)
                                j - ring of poison resistance

@: not resistant to hostile enchantments, fairly stealthy
A: fangs 2, regeneration 1, magic shield, antimagic bite, no device heal 3, rot
immunity
a: no special abilities


You were on level 3 of the Dungeon.
You were not hungry.

You visited 1 branch of the dungeon, and saw 3 of its levels.

You collected 135 gold pieces.

Inventory:

Hand Weapons
 a - a +2 dagger (weapon)
 b - a +0 blowgun
 B - a +0 arbalest
Missiles
 e - 17 poisoned needles
 f - a curare-tipped needle
Armour
 c - a +0 robe (worn)
 d - a +0 cloak (worn)
 q - a cursed +0 plate armour
Jewellery
 j - a ring of poison resistance (left hand)
Scrolls
 h - 2 scrolls of magic mapping
 l - 3 scrolls of teleportation {unknown}
 n - a scroll of fear {unknown}
 o - a scroll of amnesia {unknown}
 t - 2 scrolls of identify {unknown}
 A - a scroll of remove curse {unknown}
Potions
 i - a potion of curing {unknown}
 k - a potion of cancellation {unknown}
 m - a potion of might {unknown}
 r - a potion of brilliance {unknown}
 s - a potion of degeneration {unknown}
 v - a potion of agility {unknown}
 w - a potion of ambrosia {unknown}
Books
 y - a book of Dreams

   Spells                             Type                      Level
   a - Ensorcelled Hibernation        Hexes/Ice                    2
   b - Silence                        Hexes/Air                    5
   c - Darkness                       Hexes                        6
   d - Shadow Creatures               Summoning                    6
Comestibles
 g - a bread ration
 p - a beef jerky
 u - 6 chunks of flesh
 x - 2 meat rations
 z - a slice of pizza


   Skills:
 * Level 2.1 Fighting
 + Level 2.0 Short Blades
 * Level 2.9 Throwing
 * Level 1.5 Dodging
 * Level 5.7 Stealth


You had 3 spell levels left.
You didn't know any spells.

Dungeon Overview and Level Annotations

Branches:
Dungeon (3/15)

Altars:


Innate Abilities, Weirdness & Mutations

You have extremely sharp teeth.
Your natural rate of healing is unusually fast.
When hurt, damage is shared between your health and your magic reserves.
Your bite disrupts and absorbs the magic of your enemies.
Potions and wands cannot restore your health.
You are immune to rotting.


Message History

The worm bites you.
* * * LOW HITPOINT WARNING * * *
You are feeling hungry.
That item cannot be evoked!
You barely miss the worm. You bite the worm, but do no damage.
Eat one of 7 chunks of flesh? (ye/n/q/i?) This raw flesh tastes terrible.
The worm bites you.
* * * LOW HITPOINT WARNING * * *
You continue eating. x2
The worm barely misses you.
You barely miss the worm. You bite the worm. You drain its power.
You feel invigorated.
The worm is lightly wounded.
The worm barely misses you.
You hit the worm but do no damage. Your bite misses the worm.
The worm is lightly wounded.
You hit the worm. You bite the worm, but do no damage.
The worm is moderately wounded.
The worm bites you!
You die...

#.)..# #.##....... #....#
#.......... ######....#
##########. #.........# #.
### #.........# #. ..#
#......r..# #.
..########....## #.
.........#.....### ##
............).>#@# #
.........[.....w.# ######
# ...............###
...... #
................####......
#
..........................
#
#.........................
#
###########...............
#..................
#.............#####


You could see a worm.

Vanquished Creatures
  3 adders
  2 worms (D:3)
  A dart slug (D:1)
  3 giant geckos
  An orc (D:3)
  A ball python (D:1)
  7 bats
  A giant cockroach (D:3)
  5 goblins
  10 hobgoblins
  9 jackals
  A quokka (D:2)
  2 giant newts
  2 kobolds
  8 rats
56 creatures vanquished.

Notes
Turn   | Place    | Note
--------------------------------------------------------------
     0 | D:1      | Metae the Vine Stalker Assassin began the quest for the Orb.
     0 | D:1      | Reached XP level 1. HP: 11/11 MP: 2/2
   102 | D:1      | Reached skill level 1 in Dodging
   126 | D:1      | Reached skill level 5 in Stealth
   209 | D:1      | Reached XP level 2. HP: 9/15 MP: 3/3
   712 | D:1      | Reached XP level 3. HP: 18/18 MP: 4/4
  1902 | D:3      | Reached XP level 4. HP: 12/23 MP: 5/5
  2579 | D:3      | Slain by a worm

Skill      XL: |  1  2  3 |
---------------+----------+-----
Dodging        | 1 |  1.5
Stealth        | 5 |  5.7
Short Blades   | 2 |  2.0
Throwing       | 2 |  2.9
Fighting       | 2 |  2.1

Action                   |  1- 3 |  4- 6 || total
-------------------------+-------+-------++-------
Melee: Dagger            |    35 |    63 ||    98
       Bite              |    11 |    24 ||    35
 Fire: Blowgun           |    51 |    31 ||    82
  Use: Scroll            |     1 |       ||     1
 Stab: Sleeping          |     1 |     1 ||     2
       Distracted        |     1 |       ||     1
  Eat: Chunk             |     2 |     2 ||     4
       Beef jerky        |     1 |       ||     1
Armor: Robe              |    14 |    25 ||    39
Dodge: Dodged            |    42 |    65 ||   107
